 Dungeon Crawl Stone Soup version 0.30-a0-718-geaa24f58ff (webtiles) character file.

Game seed: 4610730064487588762

3719 Shayle the Covert (level 10, -5/58 HPs)
             Began as a Tengu Brigand on Jan 25, 2023.
             Was a Believer of Hepliaklqana.
             Killed by divine providence
             ... invoked by an orc priest
              (11 damage)
             ... on level 7 of the Dungeon.
             The game lasted 00:30:42 (6282 turns).

Shayle the Covert (Tengu Brigand)                   Turns: 6282, Time: 00:30:42

Health: -5/58      AC:  4    Str: 13    XL:     10   Next: 14%
Magic:  13/13      EV: 40    Int: 15    God:    Hepliaklqana [**....]
Gold:   103        SH:  0    Dex: 15    Spells: 9/9 levels left

rFire   . . .      SeeInvis .    t - +2 short sword (venom)
rCold   . . .      Faith    .    (no shield)
rNeg    . . .      Spirit   .    b - +0 robe
rPois   .          Reflect  .    (helmet restricted)
rElec   .          Harm     .    c - +1 cloak
rCorr   .          Rampage  .    (no gloves)
Will    .....                    (boots unavailable)
Stlth   ++++                     j - amulet of the acrobat
HPRegen 0.29/turn                B - +5 ring of evasion
MPRegen 0.13/turn                (no ring)

@: acrobatic, flying quickly and evasively, quick
A: reduced essence, beak, talons 3, nimble flight
a: Renounce Religion, Recall Ancestor, Ancestor Identity


You were on level 7 of the Dungeon.
You worshipped Hepliaklqana.
Hepliaklqana was pleased with you.
You visited 2 branches of the dungeon, and saw 8 of its levels.

You collected 391 gold pieces.
You spent 288 gold pieces at shops.

Inventory:

Hand Weapons
 a - a +2 dagger
 t - a +2 short sword of venom (weapon)
 v - a +1 spear of flaming
 z - the +6 short sword "Yvyo" {flame, Contam +Blink rF++ Int-3}
   (You found it on level 5 of the Dungeon)

   Int:       It affects your intelligence (-3).
   rF:        It greatly protects you from fire.
   +Blink:    It lets you blink.
   Contam:    It causes magical contamination when unequipped.
Missiles
 d - 37 poisoned darts
 e - a curare-tipped dart (quivered)
 w - a throwing net
Armour
 b - a +0 robe (worn)
 c - a +1 cloak (worn)
Jewellery
 j - an amulet of the acrobat (around neck)
 x - an amulet of magic regeneration
 B - a +5 ring of evasion (left hand)
Wands
 u - a wand of flame (12)
 y - a wand of polymorph (3)
Scrolls
 g - 5 scrolls of identify
 l - a scroll of fear
 n - 5 scrolls of teleportation
 s - 2 scrolls of magic mapping {unknown}
Potions
 f - 2 potions of heal wounds
 h - a potion of resistance
 i - a potion of ambrosia
 k - a potion of mutation
 m - a potion of lignification {unknown}
 o - 3 potions of degeneration {unknown}
 p - a potion of might {unknown}
 q - 2 potions of haste {unknown}
 r - 2 potions of brilliance {unknown}
 A - a potion of magic {unknown}
 C - a potion of cancellation
 D - a potion of attraction
 E - a potion of invisibility


   Skills:
 + Level 8.5 Fighting
 - Level 2.1 Short Blades
 - Level 2.0 Throwing
 + Level 9.1 Dodging
 - Level 9.1 Stealth
 + Level 3.0 Invocations


You had 9 spell levels left.
You didn't know any spells.
Your spell library contained the following spells:

 Spells                   Type           Power      Damage    Failure   Level
 Cigotuvi's Dreadful Rot  Necr/Pois/Air  0%         N/A       38%         2
 Dispel Undead            Necr           0%         3d6       95%         4
 Death Channel            Necr           0%         N/A       100%        6


Dungeon Overview and Level Annotations

Branches:
Dungeon (7/15)             Temple (1/1) D:4

Altars:
Ashenzari
Cheibriados
Dithmenos
Elyvilon
Fedhas
Gozag
Hepliaklqana
Kikubaaqudgha
Makhleb
Nemelex Xobeh
Okawaru
Qazlal
Trog
Uskayaw
Vehumet
Wu Jian
Xom
Zin

Shops:
D:6 !


Innate Abilities, Weirdness & Mutations

Your life essence is reduced to manifest your ancestor. (-10% HP)
You have a beak for a mouth.
You have claws for feet.
Your magical nature lets you fly swiftly and evasively.


Message History

You hit the orc warrior but do no damage.
The orc warrior looks as sick as possible!
You claw the orc warrior.
The orc warrior is lightly wounded.
The orc warrior misses you.
You barely miss the orc warrior.
You peck the orc warrior, but do no damage.
The orc warrior is lightly wounded.
The orc warrior misses you.
You hit the orc warrior but do no damage.
The orc warrior looks as sick as possible!
You claw the orc warrior.
The orc warrior is heavily wounded.
The orc warrior barely misses you.
You barely miss the orc warrior.
You claw the orc warrior, but do no damage.
The orc warrior is heavily wounded.
The orc warrior hits you with a +0 halberd!
You hit the orc warrior but do no damage.
The orc warrior looks as sick as possible!
You claw the orc warrior, but do no damage.
The orc warrior is severely wounded.
The orc warrior hits you with a +0 halberd.
The orc priest calls down the wrath of Beogh upon you.
Beogh smites you!
You hit the orc warrior.
The orc warrior looks as sick as possible!
Your peck misses the orc warrior.
The orc warrior is almost dead.
The orc priest casts a cantrip, but nothing happens.
The orc warrior completely misses you.
You swap places.
The orc warrior misses you.
Numeria closely misses the orc warrior.
The orc priest calls down the wrath of Beogh upon you.
Beogh smites you!
* * * LOW HITPOINT WARNING * * *
Numeria closely misses the orc warrior.
The orc warrior closely misses Numeria.
The orc priest calls down the wrath of Beogh upon you.
Beogh smites you!
You die...

#.#...##R.#
##.###.##..#
#........(>#
#....#.#######
##....#.##....#
............##.#
.............#.#
.........###.#.#
.......... .#@#
........## .#.#
....... .#.#
....... .#R#
....... #o# #o#
#o# #o# #..


You could see the friendly Numeria the knight, an orc warrior (extremely
poisoned), 2 orc priests and an orc.

Vanquished Creatures
  Pikel (D:5)
  Sigmund (D:2)
  4 yaks (D:6)
  Edmund (D:5)
  Duvessa (D:5)
  A water moccasin (D:5)
  A black bear (D:4)
  A sky beast (D:6)
  An ogre (D:4)
  5 kobold brigands (D:5)
  2 phantoms (D:5)
  A scorpion (D:5)
  Dowan (D:5)
  A howler monkey (D:6)
  2 gnoll boudas
  A hound (D:5)
  3 jellies
  4 orc priests
  4 iguanas
  2 orc wizards (D:6)
  26 gnolls
  7 adders
  A shadow imp (D:5)
  A white imp (D:6)
  An ufetubus (D:5)
  3 worms
  16 orcs
  6 ball pythons
  3 bats
  7 endoplasms
  2 giant cockroaches
  8 goblins
  10 hobgoblins
  7 jackals
  3 quokkas
  3 frilled lizards
  47 kobolds
  8 rats
197 creatures vanquished.

Vanquished Creatures (collateral kills)
  2 yaks (D:6)
  A chaos spawn (D:6)
  An orc (D:6)
4 creatures vanquished.

Grand Total: 201 creatures vanquished

Notes
Turn   | Place    | Note
-------+----------+-------------------------------------------
     0 | D:1      | Shayle the Tengu Brigand began the quest for the Orb.
     0 | D:1      | Reached XP level 1. HP: 12/12 MP: 2/2
   161 | D:1      | Reached XP level 2. HP: 17/17 MP: 3/3
   185 | D:1      | Found a faded altar of an unknown god.
   739 | D:1      | Reached XP level 3. HP: 17/22 MP: 4/4
   879 | D:2      | Noticed Sigmund
   896 | D:2      | Killed Sigmund
   897 | D:2      | Reached skill level 5 in Stealth
   897 | D:2      | Reached XP level 4. HP: 17/29 MP: 5/5
   897 | D:2      | Gained mutation: Your magical nature lets you fly swiftly
                  | and evasively. [Tengu growth]
   897 | D:2      | Reached XP level 5. HP: 19/33 MP: 6/6
   986 | D:2      | Reached XP level 6. HP: 31/38 MP: 7/7
  2314 | D:4      | Reached XP level 7. HP: 19/44 MP: 8/8
  2545 | D:4      | Found a staircase to the Ecumenical Temple.
  2557 | Temple   | Entered the Ecumenical Temple
  2634 | Temple   | Became a worshipper of Hepliaklqana the Forgotten
  3188 | D:4      | Reached skill level 5 in Fighting
  3188 | D:4      | Reached skill level 5 in Dodging
  3442 | D:5      | Entered Level 5 of the Dungeon
  3444 | D:5      | Noticed Dowan
  3446 | D:5      | Noticed Duvessa
  3606 | D:5      | Reached XP level 8. HP: 50/50 MP: 9/9
  3657 | D:5      | Killed Duvessa
  3669 | D:5      | Killed Dowan
  3858 | D:5      | Noticed Pikel
  3948 | D:5      | Killed Pikel
  3949 | D:5      | Reached XP level 9. HP: 19/56 MP: 10/10
  4088 | D:5      | Identified the +6 short sword "Yvyo" {flame, Contam +Blink
                  | rF++ Int-3}
  4355 | D:5      | Noticed Edmund
  4382 | D:5      | Killed Edmund
  5167 | D:5      | Reached * piety under Hepliaklqana
  5529 | D:6      | Found Retydehe's Distillery.
  5535 | D:6      | Reached skill level 1 in Invocations
  5539 | D:6      | Bought a potion of cancellation for 96 gold pieces
  5539 | D:6      | Bought a potion of heal wounds for 60 gold pieces
  5539 | D:6      | Bought a potion of attraction for 36 gold pieces
  5539 | D:6      | Bought a potion of invisibility for 96 gold pieces
  5793 | D:6      | Reached XP level 10. HP: 42/57 MP: 12/12
  5922 | D:6      | Noticed Grinder
  5926 | D:6      | Grinder changed into Grinder the chaos spawn
  5926 | D:6      | Noticed Grinder
  5932 | D:6      | Killed Grinder the chaos spawn
  6042 | D:6      | Reached ** piety under Hepliaklqana
  6043 | D:6      | Remembered your ancestor Numeria as a knight
  6282 | D:7      | Killed from afar by an orc priest

Illustrated notes

Levels and vault maps discovered:
D:1:      moated_graveyard_arrival, layout_basic, serial_rivers,
          chequers_serial_rivers_small_a, chequers_serial_rivers_room_b,
          chequers_serial_rivers_micro_e, chequers_serial_rivers_small_b,
          chequers_serial_rivers_large_b, chequers_serial_rivers_large_a,
          dreamdust_ecumenical_altar_statues
D:2:      layout_rooms, uniq_sigmund
D:3:      layout_loops_ring, serial_glass, glass_columns_b, glass_columns_c,
          glass_columns_b, glass_columns_a, glass_columns_a, glass_columns_c,
          glass_columns_a, glass_columns_c, glass_columns_c, glass_columns_c,
          minivault_4, kennysheep_generic_room_16
D:4:      kennysheep_big_flooded_room, layout_cave_pools, serial_park,
          serial_park_square1 [serial_park_minivault_5x5_3], serial_park_square1
          [serial_park_minivault_5x5_6], serial_park_tiny_2
D:5:      minmay_goblin_kobold_castle, layout_basic, uniq_duvessa, uniq_pikel,
          uniq_edmund
D:6:      layout_gridville, serial_shops, shop, minmay_splitting_lines,
          uniq_grinder
D:7:      layout_basic, mainiacjoe_overflow_alcove_3, minmay_manual_mail
Temple:   mainiacjoe_temple_coin_purse

Skill      XL: |  1  2  3  4  5  6  7  8  9 10 |
---------------+-------------------------------+-----
Dodging        | 2 3 4 5 7 8 9 |  9.1
Fighting       | 3 4 5 6 8 |  8.5
Stealth        | 5 6 8 9 |  9.1
Invocations    | 2 3 |  3.0
Short Blades   | |  2.1
Throwing       | |  2.0

Action                     |  1- 3 |  4- 6 |  7- 9 | 10-12 || total
---------------------------+-------+-------+-------+-------++-------
  Melee: Dagger            |    61 |    67 |       |       ||   128
         Peck              |    10 |    17 |    81 |     8 ||   116
         Kick              |     7 |    20 |   132 |    18 ||   177
         Short sword       |       |    21 |   402 |    35 ||   458
         Punch             |       |       |     4 |       ||     4
  Throw: Dart              |     3 |     3 |     3 |       ||     9
 Invoke: Recall Ancestor   |       |       |     1 |       ||     1
         Ancestor Life: Kn |       |       |       |     1 ||     1
  Evoke: Wand              |       |       |       |     1 ||     1
    Use: Potion            |     1 |     2 |     2 |       ||     5
         Scroll            |       |     7 |       |       ||     7
   Stab: Sleeping          |     8 |     7 |    10 |     2 ||    27
         Distracted        |       |       |     1 |       ||     1
 Armour: Robe              |    12 |    12 |    59 |     1 ||    84
  Dodge: Dodged            |    30 |    41 |   454 |    23 ||   548

Table legend: (Time is in decaauts)
 A = Elapsed time spent in this place.
 B = Non-inter-level travel time spent in this place.
 C = Inter-level travel time spent in this place.
 D = Time resting spent in this place.
 E = Time spent auto-exploring this place.
 F = Levels seen in this place.
 G = Mean time per level.
                   A        B        C        D        E       F      G
               +--------+--------+--------+--------+--------+-----+--------+
         Total |   5978 |   5809 |    169 |   1128 |   2712 |   8 |  747.2 |
       Dungeon |   5703 |   5558 |    145 |   1031 |   2606 |   7 |  814.7 |
        Temple |    274 |    250 |     24 |     97 |    106 |   1 |  274.0 |
               +--------+--------+--------+--------+--------+-----+--------+

Top non-repeatable levels by time:
     D:5: 1777 daAuts
     D:3: 883 daAuts
     D:4: 868 daAuts
     D:1: 808 daAuts
     D:6: 743 daAuts
     D:2: 538 daAuts
  Temple: 274 daAuts
     D:7: 83 daAuts
